 Dungeon Crawl Stone Soup version 0.32-a0-599-gba8f9cf90e (webtiles) character file.

Game seed: 8804097386841878188

4015 ezpacito the Chopper (level 10, 0/74 (76) HPs)
             Began as a Coglin Chaos Knight on Feb 29, 2024.
             Was a Plaything of Xom.
             Slain by a redback (7 damage)
             ... on level 8 of the Dungeon on Mar 2, 2024.
             The game lasted 00:16:20 (7680 turns).

ezpacito the Chopper (Coglin Chaos Knight)          Turns: 7680, Time: 00:16:21

HP:   0/74 (76)     AC: 16    Str: 21    XL:     10   Next: 23%
MP:   12/12         EV: 10    Int: 11    God:    Xom [.*....]
Gold: 1503          SH:  0    Dex: 19    Spells: 0/13 levels left

rFire   + . .        r - +8 long sword of Nemelex Xobeh's Hope {venom, rCorr MP-9 Str+3}
rCold   + . .        o - +2 war axe of Pisonozo {elec, MP+9 Str+4}
rNeg    . . .        f - +3 chain mail {rPois}
rPois   +            (helmet restricted)
rElec   +            x - +0 cloak
rCorr   +            c - +0 pair of gloves
SInv    .            e - +0 pair of boots
Will    .....        (amulet unavailable) Stlth
                     (ring unavailable)
HPRegen 0.32/turn    (ring unavailable)
MPRegen 0.13/turn    (no gizmo)

%: no passive effects
@: lethally poisoned (0 -> -31), resistant, lightly drained, revved
A: off-hand wielding, slow wielding, warmup strikes, no jewellery, fangs 1,
horns 2, agile 1, low MP 1, screaming 1
a: Invent Gizmo, Renounce Religion


You were on level 8 of the Dungeon.
You worshipped Xom.
You were a plaything of Xom.
You visited 2 branches of the dungeon, and saw 9 of its levels.
You also visited: Sewer.

You collected 1715 gold pieces.
You spent 212 gold pieces at shops.

Inventory:

Hand Weapons
 a - a +1 hand axe of chaos {Xiang}
 o - the +2 war axe of Pisonozo (offhand) {elec, MP+9 Str+4}
   (You found it on level 2 of the Dungeon)

   Str+4:     It affects your strength (+4).
   MP+9:      It affects your magic capacity (+9).
 r - the +8 long sword of Nemelex Xobeh's Hope (weapon) {venom, rCorr MP-9 Str+3}
   (You bought it in a shop on level 1 of the Dungeon)

   Str+3:     It affects your strength (+3).
   MP-9:      It affects your magic capacity (-9).
   rCorr:     It protects you from acid and corrosion.
Missiles
 g - 3 poisoned darts
 h - 3 boomerangs
 v - 8 silver javelins (quivered)
Armour
 c - a +0 pair of gloves (worn)
 e - a +0 pair of boots (worn)
 f - a +3 chain mail of poison resistance (worn)
 x - a +0 cloak (worn)
Talismans
 d - a blade talisman
 j - a beast talisman
 s - a maw talisman
Wands
 k - a wand of warping (17)
 w - a wand of charming (9)
Scrolls
 b - 2 scrolls of enchant weapon
 i - a scroll of identify
 t - a scroll of teleportation
Potions
 l - a potion of mutation
 m - 4 potions of brilliance
 p - a potion of magic
 q - 2 potions of curing
 u - 2 potions of enlightenment


   Skills:
 * Level 5.8 Fighting
 + Level 2.7(3.7) Short Blades
 * Level 4.2(4.7) Long Blades
 * Level 5.9(6.3) Axes
 + Level 2.7(4.4) Polearms
 * Level 5.1 Armour
 * Level 4.4 Dodging
 + Level 3.1 Stealth
 + Level 2.7 Unarmed Combat
 + Level 2.4 Spellcasting
 + Level 0.9 Necromancy
 * Level 1.8 Alchemy
 * Level 5.8 Evocations


You couldn't memorise any spells.
You knew the following spells:

 Your Spells              Type           Power      Damage    Failure   Level
a - Foxfire               Conj/Fire      4%         2x1d4     87%         1
b - Kiss of Death         Conj/Necr      8%         2d6       82%         1
c - Necrotise             Necr           12%        1d4       77%         1
d - Leda's Liquefaction   Alch/Erth      1%         N/A       100%        4
x - Vampiric Draining     Necr           3%         2d6       98%         3
A - Ozocubu's Armour      Ice            1%         N/A       99%         3

Your spell library contained the following spells:

 Spells                   Type           Power      Damage    Failure   Level
 Scorch                   Fire           2%         2d5       95%         2
 Confusing Touch          Hex            1%         N/A       99%         3
 Animate Armour           Summ/Erth      2%         N/A       100%        4
 Dispel Undead            Necr           3%         3d7       100%        4
 Flame Wave               Conj/Fire      1%         2d4       100%        4
 Martyr's Knell           Necr/Summ      2%         N/A       100%        4
 Olgreb's Toxic Radiance  Alch           5%         N/A       100%        4
 Summon Lightning Spire   Summ/Air       1%         N/A       100%        4
 Curse of Agony           Necr           3%         N/A       100%        5
 Lee's Rapid Deconstruct  Erth           0%         3d4*      100%        5
 Metabolic Englaciation   Hex/Ice        0%         N/A       100%        5
 Bombard                  Conj/Erth      0%         9d1       100%        6
 Plasma Beam              Fire/Air       0%         2x1d10    100%        6
 Sculpt Simulacrum        Ice/Alch       1%         N/A       100%        6
 Starburst                Conj/Fire      0%         6d3       100%        6
 Summon Cactus Giant      Summ           0%         N/A       100%        6
 Haunt                    Necr/Summ      1%         N/A       100%        7
 Ozocubu's Refrigeration  Ice            0%         4d7       100%        7
 Borgnjor's Revivificati  Necr           1%         N/A       100%        8
 Discord                  Hex            0%         N/A       100%        8
 Death's Door             Necr           1%         N/A       100%        9


Dungeon Overview and Level Annotations

Branches:
Dungeon (8/15)             Temple (1/1) D:6            Lair (0/5) D:8
  Sewer (visited)

Altars:
Ashenzari
Dithmenos
Fedhas
Gozag
Hepliaklqana
Kikubaaqudgha
Makhleb
Nemelex Xobeh
Okawaru
Qazlal
Ru
Sif Muna
Trog
Uskayaw
Vehumet
Wu Jian
Xom
Yredelemnul
Zin
The Shining One

Shops:
D:1 (

Annotations:
D:8 2 runed translucent doors


Innate Abilities, Weirdness & Mutations

You can wield a second weapon in your off-hand.
It takes a long time for you to wield or remove held weapons.
Your first few attacks do less damage.
You cannot equip rings or amulets.
You have very sharp teeth.
You have a pair of horns on your head.
You are agile. (Dex +4, Str/Int -1)
Your magical capacity is low. (-10% MP)
You occasionally shout uncontrollably at your foes.


Message History

You slash the redback with the +2 war axe of Pisonozo!
You hit the redback with the +2 war axe of Pisonozo.
You hit the redback but do no damage.
The redback bites you but does no damage.
The redback barely misses you.
The redback bites you but does no damage. x2
The redback bites you! The redback closely misses you.
You take 9 damage, and have 55/72 hp.
You completely miss the redback with the +8 long sword of Nemelex Xobeh's Hope.
You hit the redback with the +2 war axe of Pisonozo.
You barely miss the redback with the +2 war axe of Pisonozo.
You slash the redback with the +2 war axe of Pisonozo!
The redback bites you! The redback bites you.
The redback bites you but does no damage.
The redback bites you!
The redback bites you but does no damage.
You take 25 damage, and have 30/72 hp.
MASSIVE DAMAGE!!
You hit the redback with the +2 war axe of Pisonozo.
Lightning courses through the redback!!
You kill the redback!
You hit the redback with the +2 war axe of Pisonozo.
You closely miss the redback with the +2 war axe of Pisonozo.
The redback bites you but does no damage. x3
The redback bites you!
* * * LOW HITPOINT WARNING * * *
You are lethally poisoned!
The redback poisons you!
You take 11 damage, and have 19/74 hp.
You slash the redback with the +8 long sword of Nemelex Xobeh's Hope!
The redback looks as sick as possible!
The redback is heavily wounded.
You miss the redback with the +2 war axe of Pisonozo. x2
You barely miss the redback with the +2 war axe of Pisonozo.
* * * LOW HITPOINT WARNING * * *
You feel extremely sick. The redback closely misses you.
The redback misses you.
The redback bites you but does no damage.
The redback bites you!
You die...
Xom howls with laughter!

.............##.yy##.....#
............##..y.y##..#.#
...........##y.yyy.y##...#
##..###...##+##yyy##+##..#
..........#...#####...#..#
..#######.#....#[#S...#.##
..##....#.#...s#[#S...#.#
..##.##<#.#..sssssSs..#.#
####.####.##.ss#@#sSs##.#
#.......###s#.#S###..#
##########...###.###...##
..........#............#
#########...###.##....##
#.### #.####### #.# #.#
#.# #.# #.#####.#


You could see a water moccasin, 3 redbacks, 4 scorpions, 7 killer bees and 2
adders.

Vanquished Creatures
  A troll (D:8)
  5 humans (D:6)
  A steam dragon (D:6)
  A redback (D:8)
  Pargi (Sewer)
  4 water moccasins
  2 sky beasts
  2 black bears
  2 ice beasts
  3 ogres
  Blork the orc (D:5)
  A bullfrog (D:7)
  A brain worm (Sewer)
  5 scorpions
  6 howler monkeys
  5 orc priests
  3 hounds
  A jelly (D:6)
  5 iguanas
  A sleepcap (D:6)
  2 orc wizards (D:4)
  A hell rat (D:8)
  Robin (D:3)
  4 gnolls (D:2)
  6 river rats
  5 adders
  3 dart slugs
  3 ribbon worms
  18 orcs
  10 endoplasms
  3 giant cockroaches
  14 goblins
  7 hobgoblins
  5 jackals
  4 quokkas
  10 ball pythons
  11 bats
  3 frilled lizards
  6 kobolds
  12 rats
179 creatures vanquished.

Vanquished Creatures (collateral kills)
  2 iguanas
  An adder (D:5)
  A hobgoblin (D:2)
  A frilled lizard (Sewer)
5 creatures vanquished.

Grand Total: 184 creatures vanquished

Notes
Turn   | Place    | Note
-------+----------+-------------------------------------------
     0 | D:1      | ezpacito the Coglin Chaos Knight began the quest for the
                  | Orb.
     0 | D:1      | Reached XP level 1. HP: 18/18 MP: 1/1
   134 | D:1      | Reached skill level 1 in Dodging
   134 | D:1      | Reached XP level 2. HP: 24/24 MP: 2/2
   282 | D:1      | Reached XP level 3. HP: 29/29 MP: 3/3
   554 | D:1      | Found Ytyasiss's Antique Weapon Shop.
   647 | D:2      | XOM: noise
   654 | D:2      | Reached XP level 4. HP: 31/35 MP: 4/4
   763 | D:2      | XOM: noise
   804 | D:2      | XOM: divination: detect creatures
  1107 | D:2      | XOM: 3-stop teleportation journey
  1137 | D:2      | Identified the +2 war axe of Pisonozo {elec, MP+9 Str+4}
  1222 | D:2      | Reached XP level 5. HP: 41/41 MP: 6/6
  1475 | D:3      | XOM: 2-stop teleportation journey
  1540 | D:3      | XOM: noise
  1867 | D:3      | XOM: give mutations
  1867 | D:3      | Gained mutation: You occasionally shout uncontrollably at
                  | your foes. [Xom's mischief]
  1867 | D:3      | Gained mutation: You have a pair of small horns on your
                  | head. [Xom's mischief]
  1867 | D:3      | Lost mutation: You occasionally shout uncontrollably at
                  | your foes. [Xom's mischief]
  1867 | D:3      | Gained mutation: You have a pair of horns on your head.
                  | [Xom's mischief]
  1955 | D:3      | Reached skill level 1 in Unarmed Combat
  1956 | D:3      | Noticed Robin
  1961 | D:3      | Killed Robin
  2102 | D:3      | XOM: summons 3 hostile shadow creatures
  2147 | D:3      | Reached skill level 1 in Spellcasting
  2421 | D:3      | XOM: give mutations
  2421 | D:3      | Gained mutation: You are strong-willed. (Will+) [Xom's
                  | grace]
  2421 | D:3      | Gained mutation: Your flesh is cold resistant. (rC+) [Xom's
                  | grace]
  2454 | D:1      | Bought a scorched long sword for 212 gold pieces
  2454 | D:1      | Identified the +8 long sword of Nemelex Xobeh's Hope
                  | {venom, rCorr MP-9 Str+3} (You bought it in a shop on level
                  | 1 of the Dungeon)
  2484 | D:3      | XOM: give mutations
  2484 | D:3      | Lost mutation: You are strong-willed. (Will+) [Xom's
                  | mischief]
  2484 | D:3      | Gained mutation: Your magical capacity is low. (-10% MP)
                  | [Xom's mischief]
  2547 | D:4      | Reached skill level 1 in Stealth
  2547 | D:4      | Reached skill level 1 in Evocations
  2562 | D:4      | Found a glowing drain.
  2573 | Sewer    | Entered a sewer
  2594 | Sewer    | Noticed Pargi
  2594 | Sewer    | XOM: swap monsters
  2596 | Sewer    | XOM: summons 5 friendly demons
  2600 | Sewer    | Killed Pargi
  2601 | Sewer    | Reached XP level 6. HP: 43/48 MP: 5/6
  2691 | Sewer    | Reached skill level 1 in Long Blades
  3029 | D:4      | Reached skill level 1 in Short Blades
  3029 | D:4      | Reached XP level 7. HP: 52/53 MP: 6/7
  3386 | D:4      | Found a blossoming altar of Fedhas.
  3392 | D:4      | Reached skill level 1 in Polearms
  3823 | D:5      | Entered Level 5 of the Dungeon
  3823 | D:5      | Noticed Blork the orc
  3829 | D:5      | Killed Blork the orc
  3832 | D:5      | XOM: summons friendly crimson imp
  3848 | D:5      | XOM: smoke on damage
  3863 | D:5      | XOM: polymorph crimson imp -> shadow imp
  3917 | D:5      | Reached XP level 8. HP: 60/60 MP: 9/9
  3919 | D:5      | XOM: give mutation
  3919 | D:5      | Lost mutation: Your flesh is cold resistant. (rC+) [Xom's
                  | mischief]
  4013 | D:5      | XOM: cast spell 'Iskenderun's Battlesphere'
  4017 | D:5      | XOM: polymorph shadow imp -> crimson imp
  4121 | D:5      | Found a burning altar of Makhleb.
  4302 | D:6      | Found a staircase to the Ecumenical Temple.
  4317 | Temple   | Entered the Ecumenical Temple
  4320 | D:6      | Identified a scroll of acquirement
  4324 | D:6      | Acquired 1208 gold pieces
  4462 | D:6      | HP: 1/61 [human/sling bullet (6)]
  4872 | D:6      | Reached skill level 5 in Fighting
  4872 | D:6      | Reached XP level 9. HP: 62/68 MP: 10/10
  4877 | D:6      | Reached skill level 5 in Axes
  4989 | D:6      | XOM: summons friendly white imp
  5170 | D:7      | Reached skill level 5 in Evocations
  5267 | D:7      | XOM: enchant monster (bad)
  5309 | D:7      | XOM is BORED!
  5309 | D:7      | XOM: 1-stop teleportation journey
  5553 | D:7      | Found an ornate altar of the Wu Jian Council.
  5636 | D:7      | XOM: 2-stop teleportation journey
  5745 | D:4      | XOM: god gift: potion of enlightenment
  5814 | D:7      | Learned a level 1 spell: Foxfire
  5816 | D:7      | Learned a level 1 spell: Kiss of Death
  5818 | D:7      | Learned a level 1 spell: Necrotise
  5822 | D:7      | Learned a level 3 spell: Ozocubu's Armour
  5827 | D:7      | Learned a level 4 spell: Leda's Liquefaction
  6316 | D:7      | XOM: noise
  6323 | D:7      | XOM: summons friendly shadow imp
  6528 | D:7      | XOM: summons 2 hostile shadow creatures
  6713 | D:8      | Noticed a troll
  6718 | D:8      | Killed a troll
  6719 | D:8      | Reached skill level 1 in Alchemy
  6719 | D:8      | Reached XP level 10. HP: 63/76 MP: 12/12
  6791 | D:8      | Learned a level 3 spell: Vampiric Draining
  6797 | D:8      | XOM: give mutations
  6797 | D:8      | Gained mutation: You are agile. (Dex +4, Str/Int -1) [Xom's
                  | mischief]
  6797 | D:8      | Gained mutation: You occasionally shout uncontrollably at
                  | your foes. [Xom's mischief]
  6797 | D:8      | Gained mutation: You have very sharp teeth. [Xom's
                  | mischief]
  6841 | D:8      | Found a glowing silver altar of Zin.
  6866 | D:8      | Reached skill level 5 in Armour
  6875 | D:8      | Upgraded the game from 0.32-a0-571-gec57dfcd37 to
                  | 0.32-a0-599-gba8f9cf90e
  6981 | D:8      | XOM: cast spell 'Summon Small Mammal'
  7174 | D:8      | Found a staircase to the Lair.
  7275 | D:8      | XOM: god gift: 2 silver javelins
  7292 | D:8      | Found the +9 staff of Olgreb {rPois∞}
  7294 | D:8      | Found a runed translucent door.
  7309 | D:8      | Found a runed translucent door.
  7314 | D:8      | Found a runed translucent gate.
  7314 | D:8      | Found a runed translucent gate.
  7328 | D:8      | Found a runed translucent gate.
  7389 | D:8      | XOM: summons 2 hostile demons
  7680 | D:8      | Slain by a redback

Illustrated notes

Levels and vault maps discovered:
D:1:      minmay_arrival_doors, layout_rooms, serial_shops, shop,
          minmay_gold_behind_fungi, minmay_circled_x
D:2:      layout_loops_ring
D:3:      layout_loops_corners, kennysheep_generic_room_13, uniq_robin
D:4:      layout_loops_corners, fedhas_altar_fruit_tree, gup_sewer_entry_bubbles
D:5:      layout_rooms, mainiacjoe_overflow_alcove_2, uniq_blork_the_orc
D:6:      layout_basic, temple_statues, minmay_ruffians
D:7:      layout_layer_cave, pdpol_wu_jian_five_deadly_venoms,
          minmay_misc_feat_rows, grunt_ministairs_13
D:8:      layout_basic, mainiacjoe_overflow_surrounded_room, dpeg_lair_monsters,
          minmay_guarded_unrand_staff_of_olgreb
Temple:   eino_temple_scatter_basement

Skill      XL: |  1  2  3  4  5  6  7  8  9 10 |
---------------+-------------------------------+-----
Dodging        | 1 2 3 4 |  4.4
Armour         | 2 3 4 5 |  5.1
Unarmed Combat | 1 2 |  2.7
Spellcasting   | 1 2 |  2.4
Stealth        | 1 2 3 |  3.1
Evocations     | 1 2 3 4 5 |  5.8
Long Blades    | 1 3 4 |  4.2
Short Blades   | 1 2 |  2.7
Fighting       | 4 5 |  5.8
Polearms       | 1 2 |  2.7
Axes           | 4 5 |  5.9
Alchemy        | 1 |  1.8
Necromancy     | |  0.9

Action                     |  1- 3 |  4- 6 |  7- 9 | 10-12 || total
---------------------------+-------+-------+-------+-------++-------
  Melee: Dagger            |    71 |    32 |       |       ||   103
         Hand axe          |    74 |    78 |       |       ||   152
         War axe           |       |    71 |   103 |    28 ||   202
         Long sword        |       |    30 |   109 |    28 ||   167
         Headbutt          |       |     8 |    22 |     3 ||    33
         Bite              |       |       |       |     4 ||     4
    Use: Scroll            |       |    13 |    15 |     1 ||    29
         Potion            |       |       |     4 |     2 ||     6
   Stab: Paralysed         |     1 |       |       |       ||     1
         Confused          |       |     1 |       |       ||     1
 Armour: Leather armour    |    31 |       |       |       ||    31
         Chain mail        |    20 |    13 |    68 |    49 ||   150
         Scale mail        |       |    81 |    76 |       ||   157
         Skin              |       |       |     1 |       ||     1
  Dodge: Dodged            |    40 |    79 |    72 |    21 ||   212

Table legend: (Time is in decaauts)
 A = Elapsed time spent in this place.
 B = Non-inter-level travel time spent in this place.
 C = Inter-level travel time spent in this place.
 D = Time resting spent in this place.
 E = Time spent auto-exploring this place.
 F = Levels seen in this place.
 G = Mean time per level.
                   A        B        C        D        E       F      G
               +--------+--------+--------+--------+--------+-----+--------+
         Total |   7813 |   7241 |    572 |    439 |   4948 |  10 |  781.3 |
       Dungeon |   7557 |   6986 |    571 |    439 |   4821 |   8 |  944.6 |
        Temple |      1 |      1 |      0 |      0 |      0 |   1 |    1.0 |
         Sewer |    253 |    253 |      0 |      0 |    127 |   1 |  253.0 |
               +--------+--------+--------+--------+--------+-----+--------+

Top non-repeatable levels by time:
     D:7: 1390 daAuts
     D:4: 1256 daAuts
     D:3: 1050 daAuts
     D:8: 973 daAuts
     D:2: 854 daAuts
     D:6: 792 daAuts
     D:5: 621 daAuts
     D:1: 618 daAuts
   Sewer: 253 daAuts
  Temple: 1 daAuts
